 Dungeon Crawl Stone Soup version 0.24.0 (webtiles) character file.

Game seed: 7711538452836872270, levelgen mode: deterministic

50 NeededCrab the Sneak (level 3, 0/21 HPs)
             Began as a Vampire Assassin on Feb 2, 2020.
             Slain by an orc
             ... wielding a +0 whip
              (7 damage)
             ... on level 2 of the Dungeon.
             The game lasted 00:13:11 (2494 turns).

NeededCrab the Sneak (Vampire Assassin)             Turns: 2494, Time: 00:13:12

Health: 0/21       AC:  3    Str: 10    XL:     3   Next: 55%
Magic:  3/3        EV: 13    Int: 13    God:
Gold:   88         SH:  0    Dex: 16    Spells: 2/2 levels left

rFire    . . .     SeeInvis +   a - +2 dagger
rCold    + + .     Gourm    .   (no shield)
rNeg     + + +     Faith    .   b - +0 robe
rPois    ∞         Spirit   .   (no helmet)
rElec    .         Reflect  .   c - +0 cloak
rCorr    .         Harm     .   (no gloves)
MR       .....                  (no boots)
Stlth    +++++.....             (no amulet)
HPRegen  0.00/turn              (no ring)
MPRegen  0.08/turn              (no ring)

@: bloodless, regenerating quickly
A: no food, fangs 3, see invisible, unbreathing
a: Bat Form, Revivify


You were on level 2 of the Dungeon.
You were bloodless.

You visited 1 branch of the dungeon, and saw 3 of its levels.

You collected 88 gold pieces.

Inventory:

Hand Weapons
 a - a +2 dagger (weapon)
Missiles
 d - 12 poisoned darts
 e - a curare-tipped dart (quivered)
Armour
 b - a +0 robe (worn)
 c - a +0 cloak (worn)
Scrolls
 g - 4 scrolls of identify {unknown}
 j - a scroll of teleportation {unknown}
 k - a scroll of random uselessness {unknown}
Potions
 f - 2 potions of curing {unknown}
 h - a potion of flight {unknown}
 i - a potion of degeneration {unknown}


   Skills:
 - Level 1.7 Fighting
 * Level 3.5 Short Blades
 - Level 1.5 Throwing
 + Level 2.0 Dodging
 * Level 6.4 Stealth


You had 2 spell levels left.
You didn't know any spells.
Your spell library was empty.

Dungeon Overview and Level Annotations

Branches:
Dungeon (3/15)

Altars:
Cheibriados
Kikubaaqudgha


Innate Abilities, Weirdness & Mutations

You do not eat.
You do not regenerate when monsters are visible.
You are frail without blood (-20% HP).
You can heal yourself when you bite living creatures.
You are immune to poison.
You have razor-sharp teeth.
You have supernaturally acute eyesight. (SInv)
You can survive without breathing.


Message History

You hit the orc.
The orc is severely wounded.
An orc comes into view.
The orc hits you with a +0 whip. The orc hits you but does no damage.
There is a stone staircase leading up, spattered with blood here.
Items here: $ ( ) ? a stone; a +0 mace; a scroll labeled DOCWEH ZUIRCH; 42 gold pieces The orc hits you with a +0 whip!
The dart slug barely misses you.
The orc hits you with a cursed -3 dagger.
You climb upwards.
There is a stone staircase leading down here.
Okay, then.
Throwing (i - inventory. (/) - cycle)
e - 2 curare-tipped darts
Press: ? - help, Shift-Dir - straight line, f - orc
Aim: an orc, wielding a -3 dagger (severely wounded)
You throw a curare-tipped dart. The curare-tipped dart hits the orc.
The orc is poisoned.
The orc convulses.
You kill the orc!
The orc hits you with a +0 whip!
You die...

#.# ##.#.#.####.#.# #.#
#....#....#.#.# ..#
#....#....#.#.# ###
#....#.####.### # ##
#....#......## #8###8##
#....#.#.....##8...8...8#
#....#.#.###.##.........#
##'#.#.#o# #.#_.........>
#.#...#@# ####.........#
#.#####(# ##8...8
###.....w.# ##8##
###.......### ########
#.........#############.....
#.#.......#...........#.####
#.#.......#.#########.#.# #.
#.###.#####.###.....#.#.# #.
###'###...........##....#.#
#.


You could see a dart slug and an orc.

Vanquished Creatures
  An ooze (D:3)
  A dart slug (D:2)
  A leopard gecko (D:1)
  An orc (D:2)
  2 giant cockroaches
  3 goblins
  3 hobgoblins
  8 jackals (D:1)
  4 bats
  9 frilled lizards
  5 kobolds
  3 rats
41 creatures vanquished.

Notes
Turn   | Place    | Note
-------+----------+-------------------------------------------
     0 | D:1      | NeededCrab the Vampire Assassin began the quest for the
                  | Orb.
     0 | D:1      | Reached XP level 1. HP: 16/16 MP: 1/1
    57 | D:1      | Reached skill level 6 in Stealth
   259 | D:1      | Reached XP level 2. HP: 17/17 MP: 2/2
  1488 | D:2      | Found a faded altar of an unknown god.
  1584 | D:2      | Reached XP level 3. HP: 21/21 MP: 3/3
  1746 | D:2      | Found an ancient bone altar of Kikubaaqudgha.
  1938 | D:2      | Found a snail-covered altar of Cheibriados.
  2494 | D:2      | Slain by an orc

Levels and vault maps discovered:
D:1:      lightli_arrival_isolated_outpost, layout_loops_corners,
          minmay_lizard_king
D:2:      layout_basic, nicolae_overflow_crystal_walls,
          nicolae_overflow_hidden_temple, chequers_ecumenical_altar_simple,
          mrwooster_statue_mirror
D:3:      layout_rooms, uniq_crazy_yiuf_cottage, uniq_ijyb
